 Dungeon Crawl Stone Soup version 0.21-a0-529-g8c7b3f5 (webtiles) character file.

233 Gerstahl the Slasher (level 6, -1/49 HPs)
             Began as a Human Monk on Dec 10, 2017.
             Killed by divine providence
             ... invoked by an orc priest
              (10 damage)
             ... on level 4 of the Dungeon.
             The game lasted 00:04:59 (3183 turns).

Gerstahl the Slasher (Human Monk)                   Turns: 3183, Time: 00:05:00

Health: -1/49      AC:  3    Str: 11    XL:     6   Next: 25%
Magic:  6/6        EV: 15    Int: 11    God:
Gold:   197        SH:  0    Dex: 17    Spells: 5/5 levels left

rFire    + . .     SeeInvis .   a - +0 falchion
rCold    . . .     Gourm    .   (no shield)
rNeg     . . .     Faith    .   b - +0 robe
rPois    .         Spirit   .   i - +0 helmet
rElec    .         Reflect  .   (no cloak)
rCorr    .         Harm     .   (no gloves)
MR       .....                  (no boots)
Stlth    ++........             t - amulet of regeneration
HPRegen  0.56/turn              n - ring of protection from fire
MPRegen  0.10/turn              o - ring of flight

@: no status effects
A: no striking features
a: Evoke Flight


You were on level 4 of the Dungeon.
You were not hungry.

You visited 1 branch of the dungeon, and saw 4 of its levels.

You collected 197 gold pieces.

Inventory:

Hand Weapons
 a - a +0 falchion (weapon)
Armour
 b - a +0 robe (worn)
 i - a +0 helmet (worn)
 s - a +0 leather armour
Jewellery
 d - an uncursed amulet of the gourmand
 n - a ring of protection from fire (left hand)
 o - a ring of flight (right hand)
 t - an amulet of regeneration (around neck)
 u - an uncursed ring of protection from fire
Scrolls
 e - 2 scrolls of remove curse {unknown}
 f - 2 scrolls of magic mapping {unknown}
 g - a scroll of identify {unknown}
 l - a scroll of blinking {unknown}
 m - a scroll of fog {unknown}
 r - a scroll of amnesia {unknown}
Potions
 h - 3 potions of degeneration {unknown}
 j - 2 potions of lignification {unknown}
 k - 3 potions of curing {unknown}
 p - a potion of berserk rage {unknown}
 q - a potion of haste {unknown}
 v - 2 potions of ambrosia {unknown}
Comestibles
 c - 3 bread rations


   Skills:
 + Level 4.4 Fighting
 + Level 4.5 Long Blades
 + Level 4.4 Dodging
 - Level 2.0 Stealth


You had 5 spell levels left.
You didn't know any spells.

Dungeon Overview and Level Annotations

Branches:
Dungeon (4/15)
 Temple: D:4-7

Altars:
Makhleb
Wu Jian
The Shining One

Annotations:
D:3 Nattefrost's ghost, amateur FoFi


Message History

Beogh smites you!
* * * LOW HITPOINT WARNING * * *
The orc priest begins to cast a cantrip, but forgets the words!
An orc wizard comes into view. It is wielding a short sword.
The orc wizard moves out of view.
The orc priest calls down the wrath of Beogh upon you.
Beogh smites you!
* * * LOW HITPOINT WARNING * * *
The orc wizard shouts!
The orc priest calls down the wrath of Beogh upon you.
Beogh smites you!
* * * LOW HITPOINT WARNING * * *
The orc wizard gestures wildly while chanting.
The orc wizard blinks!
The orc wizard hits you with a dagger.
* * * LOW HITPOINT WARNING * * *
You closely miss the orc wizard. The orc wizard misses you.
The orc priest mumbles some strange prayers to Beogh against you.
Beogh smites you!
You die...

....# #∩#♣#.#.## ###.##
##.###.#... # #..##########
#...##.#### ###...........#
#8...8#.#### ...>..#######.#
##...##..... #.##..# #.# ###
##_######## #.##..#######.####.##
###(# # #........o..o...[o#.##
#..# #
####..#.###.#.##@###.####..# #
.o....#.# #.#..o## ##......######
#####.#.###.####.###.####........
#o#>##...####o#.## ######..(
##.#....#.......## #.##
#..####...####### #.# #.## ##.##
###.## #.######.### #.....
#.o........# ###.###.


You could see an orc priest, 2 orc wizards and an orc (wandering).

Vanquished Creatures
  A phantom (D:4)
  An orc wizard (D:4)
  A worker ant (D:4)
  A hound skeleton (D:4)
  5 adders
  An ooze (D:2)
  2 leopard geckos
  3 orcs
  2 bats
  4 giant cockroaches
  A goblin (D:2)
  3 hobgoblins
  7 jackals (D:3)
  A quokka (D:2)
  A frilled lizard (D:2)
  A kobold (D:2)
  3 rats
38 creatures vanquished.

Notes
Turn   | Place    | Note
-------+----------+-------------------------------------------
     0 | D:1      | Gerstahl the Human Monk began the quest for the Orb.
     0 | D:1      | Reached XP level 1. HP: 18/18 MP: 1/1
   521 | D:2      | Reached XP level 2. HP: 19/24 MP: 2/2
   646 | D:2      | Reached XP level 3. HP: 24/29 MP: 3/3
   729 | D:2      | Found an ornate altar of the Wu Jian Council.
  1369 | D:3      | Reached XP level 4. HP: 25/35 MP: 4/4
  2187 | D:3      | Noticed Nattefrost's ghost (amateur FoFi)
  2502 | D:4      | Reached XP level 5. HP: 39/42 MP: 5/5
  2736 | D:4      | Found a glowing golden altar of the Shining One.
  2736 | D:4      | Found a burning altar of Makhleb.
  2780 | D:4      | Noticed a phantom
  2908 | D:4      | Killed a phantom
  2908 | D:4      | Reached XP level 6. HP: 17/49 MP: 6/6
  3107 | D:4      | HP: 2/49 [orc priest/divine providence (17)]
  3131 | D:4      | HP: 1/49 [orc priest/divine providence (15)]
  3183 | D:4      | Killed from afar by an orc priest

Vault maps used:
D:1:      dpeg_arrival_prison
D:2:      lemuel_round_altar
D:3:      corner_web_ring
D:4:      amethyst_overflow_temple_binary, first_bread

Skill      XL: |  1  2  3  4  5 |
---------------+----------------+-----
Fighting       | 4 |  4.4
Long Blades    | 4 |  4.5
Dodging        | 4 |  4.4
Stealth        | |  2.0

Action                   |  1- 3 |  4- 6 || total
-------------------------+-------+-------++-------
Melee: Falchion          |    70 |   147 ||   217
 Stab: Sleeping          |     5 |     1 ||     6
  Eat: Chunk             |     1 |     3 ||     4
       Bread ration      |       |     1 ||     1
Armor: Robe              |    11 |    28 ||    39
Dodge: Dodged            |    53 |   104 ||   157
       Rpst.: Falchion   |    18 |    35 ||    53

Table legend:
 A = Spawn XP
 B = Non-spawn XP
 C = Spawn XP percentage of total XP
 D = Spawn monster count
 E = Non-spawn monster count
 F = Spawn count percentage of total count
 G = Total turns spent on level
                    A         B        C        D         E        F      G
               +---------+---------+-------+---------+---------+-------+---------
         Total |       0 |     333 |   0.0 |       0 |      38 |   0.0 |  3183
               +---------+---------+-------+---------+---------+-------+---------
           D:1 |       0 |       7 |   0.0 |       0 |       4 |   0.0 |   515
           D:2 |       0 |      61 |   0.0 |       0 |      13 |   0.0 |   842
           D:3 |       0 |      27 |   0.0 |       0 |      12 |   0.0 |   894
           D:4 |       0 |     238 |   0.0 |       0 |       9 |   0.0 |   932
               +---------+---------+-------+---------+---------+-------+---------
